 Dungeon Crawl Stone Soup version 0.28.0-45-g0d030f2227 (webtiles) character file.

Game seed: 16929387130450764935

0 Kziril the Shield-Bearer (level 1, -2/14 HPs)
             Began as a Gargoyle Fighter on Apr 18, 2022.
             Slain by a goblin
             ... wielding a +0 club
              (4 damage)
             ... on level 1 of the Dungeon.
             The game lasted 00:00:31 (74 turns).

Kziril the Shield-Bearer (Gargoyle Fighter)           Turns: 74, Time: 00:00:31

Health: -2/14      AC:  9    Str: 19    XL:     1   Next: 10%
Magic:  1/1        EV:  9    Int:  8    God:
Gold:   0          SH:  4    Dex:  9    Spells: 0/0 levels left

rFire   . . .      SeeInvis .   a - +0 flail
rCold   . . .      Faith    .   c - +0 buckler
rNeg    + . .      Spirit   .   b - +0 scale mail
rPois   ∞          Reflect  .   (no helmet)
rElec   +          Harm     .   (no cloak)
rCorr   .          Rampage  .   (no gloves)
Will    .....                   (no boots)
Stlth   ..........              (no amulet)
HPRegen 0.04/turn               (no ring)
MPRegen 0.07/turn               (no ring)

@: no status effects
A: sickness immunity, AC +2, negative energy resistance 1, electricity
resistance, torment resistance 1, petrification resistance
a: no special abilities


You were on level 1 of the Dungeon.
You visited 1 branch of the dungeon, and saw 2 of its levels.

Inventory:

Hand Weapons
 a - a +0 flail (weapon)
Armour
 b - a +0 scale mail (worn)
 c - a +0 buckler (worn)
Jewellery
 e - a ring of fire
Potions
 d - a potion of might
 f - a potion of haste {unknown}


   Skills:
 * Level 3.3 Fighting
 + Level 2.0 Maces & Flails
 + Level 3.3 Armour
 + Level 3.3 Shields


You couldn't memorise any spells.
You didn't know any spells.
Your spell library was empty.

Dungeon Overview and Level Annotations

Branches:
Dungeon (2/15)

Altars:

Annotations:
D:2 Natasha


Innate Abilities, Weirdness & Mutations

You are immune to sickness and miasma.
Your stone body is resilient. (AC +2)
You are immune to poison.
You resist negative energy. (rN+)
You are resistant to electric shocks. (rElec)
You are resistant to unholy torment.
You are immune to petrification.


Message History

f - a murky coppery potion You open the door.
There is an open door here.
Found a stone staircase leading down.
There is a stone staircase leading down here.
You climb downwards.
Natasha hisses angrily.
The adder hisses angrily.
Found an Everburning Encyclopedia.
There is a stone staircase leading up here.
You closely miss the rat. The rat barely misses you.
Natasha casts a spell.
The rat bites you but does no damage.
You climb upwards.
There is a stone staircase leading down here.
You sock the rat!
You kill the rat!
There is a stone staircase leading down here.
You climb downwards.
Level annotation: Natasha The goblin hits you with a +0 club.
There is a stone staircase leading up here.
The goblin hits you but does no damage. The adder bites you.
Natasha mumbles some strange words.
You climb upwards.
There is a stone staircase leading down here.
You barely miss the adder. The adder bites you.
The goblin hits you but does no damage. The adder bites you but does no damage.
The goblin barely misses you.
You completely miss the adder. You block the adder's attack.
The goblin barely misses you. The adder bites you.
You closely miss the adder. The goblin hits you with a +0 club.
The adder bites you but does no damage.
You miss the adder. The adder bites you. The goblin closely misses you.
The adder bites you but does no damage. The goblin hits you but does no damage.
You closely miss the adder. You block the adder's attack.
The goblin closely misses you. The adder barely misses you.
You completely miss the adder. The adder bites you.
* * * LOW HITPOINT WARNING * * *
The goblin hits you with a +0 club.
You die...

.........##..........
.#......##........##.
..###..###.###..###
#####.########.##
...............#
#.############.#
#.....# #.#
#.....########.###
......'........S@#
#.....########.#g#
#.....# #.#.# ......#
#.#.# #.....# #+#.#
#.##### ... #.# ...
#.# ... #.#


You could see an adder and a goblin.

Vanquished Creatures
  A rat (D:1)
1 creature vanquished.

Notes
Turn   | Place    | Note
-------+----------+-------------------------------------------
     0 | D:1      | Kziril the Gargoyle Fighter began the quest for the Orb.
     0 | D:1      | Reached XP level 1. HP: 14/14 MP: 1/1
    58 | D:2      | Noticed Natasha
    68 | D:2      | Noticed a crimson imp
    74 | D:1      | Slain by a goblin

Illustrated notes

Levels and vault maps discovered:
D:1:      elethiomel_arrival_infinity_welcomes_careful_drivers, layout_basic,
          serial_shops, shop, shapermc_ecumenical_altar_starsandcircs
D:2:      layout_rooms, serial_curves, eino_curves_04, eino_curves_01,
          eino_curves_03, eino_curves_03, basic_altar, uniq_terence,
          uniq_natasha

Action                   || total
-------------------------++-------
Melee: Flail             ||     8
Armor: Scale mail        ||     7
Dodge: Dodged            ||     6
Block: Buckler           ||     2
